 Dungeon Crawl Stone Soup version 0.23-b1-6-ga921848b48 (webtiles) character file.

Game seed: 5324619216817321574

34453 Ilves the Severer (level 13, -7/196 HPs)
             Began as a Hill Orc Berserker on Feb 1, 2019.
             Was a High Priest of Trog.
             Mangled by an ettin
             ... wielding a cursed +0 dire flail
              (8 damage)
             ... on level 15 of the Dungeon.
             The game lasted 00:40:37 (15535 turns).

Ilves the Severer (Hill Orc Berserker)             Turns: 15535, Time: 00:40:38

Health: -7/196     AC: 17    Str: 26    XL:     13   Next: 77%
Magic:  13/13      EV:  9    Int:  7    God:    Trog [*****.]
Gold:   852        SH:  0    Dex: 20    Spells: 12/12 levels left

rFire    + + .     SeeInvis .   L - +5 executioner's axe (chop)
rCold    . . .     Gourm    .   (shield currently unavailable)
rNeg     . . .     Faith    .   E - +1 chain mail {rF+}
rPois    .         Spirit   .   B - +0 helmet
rElec    .         Reflect  .   (no cloak)
rCorr    .         Harm     .   X - +0 pair of gloves {Dex+3}
MR       .....                  (no boots)
Stlth    ..........             F - amulet of Vitality {Regen+ HP+15}
HPRegen  0.82/turn              N - ring of protection from fire
MPRegen  0.13/turn              K - +3 ring of dexterity

@: berserking, slowed, studying Stealth, drained
A: no striking features
a: Berserk, Trog's Hand, Brothers in Arms, Renounce Religion


You were on level 15 of the Dungeon.
You worshipped Trog.
Trog was extremely pleased with you.
You were not hungry.

You visited 1 branch of the dungeon, and saw 15 of its levels.
You also visited: Gauntlet.

You collected 852 gold pieces.

Inventory:

Hand Weapons
 r - a +0 broad axe of venom
 J - a +3 antimagic battleaxe
 L - a +5 executioner's axe of chopping (weapon)
 V - the +9 hand axe "Deegell" {drain, rPois rN+ Dex+3}
   (You took it off a deep elf mage on level 14 of the Dungeon)

   A truly terrible weapon, it drains the life of those it strikes.
   It affects your dexterity (+3).
   It protects you from poison.
   It protects you from negative energy.
Armour
 B - a +0 helmet (worn)
 C - a +0 buckler
 E - a +1 chain mail of fire resistance (worn)
 X - a +0 pair of gloves of dexterity (worn)
Jewellery
 k - a +3 ring of protection
 A - an uncursed ring of protection from magic
 F - the amulet of Vitality (around neck) {Regen+ HP+15}
   (You found it on level 7 of the Dungeon)

   [amulet of regeneration]

   It affects your health (+15).
   It increases your rate of regeneration.
 G - an uncursed ring of flight
 K - a +3 ring of dexterity (right hand)
 M - an uncursed ring of poison resistance
 N - a ring of protection from fire (left hand)
 S - the ring "Ciboawui" {Str+2 Int+4}
   (You found it in a Gauntlet)

   [ring of intelligence]

   It affects your strength (+2).
   It affects your intelligence (+4).
 W - the ring "Ceimeck" {*Tele rC+++ rN+ Int-4}
   (You found it on level 14 of the Dungeon)

   [ring of teleportation]

   It may teleport you next to monsters.
   It affects your intelligence (-4).
   It renders you almost immune to cold.
   It protects you from negative energy.
Wands
 y - a wand of random effects (56)
 H - a wand of polymorph (16)
 R - a wand of iceblast (20)
 U - a wand of flame (18)
Scrolls
 e - 2 scrolls of immolation
 h - 2 scrolls of enchant weapon
 l - a scroll of random uselessness {unknown}
 n - 3 scrolls of enchant armour
 o - 3 scrolls of teleportation
 p - 3 scrolls of noise
 q - 5 scrolls of fear {unknown}
 t - 2 scrolls of blinking
 x - a scroll of fog {unknown}
 I - 4 scrolls of remove curse
 P - 3 scrolls of summoning
 Q - a scroll of acquirement {unknown}
Potions
 d - 3 potions of curing {unknown}
 f - 5 potions of brilliance {unknown}
 g - a potion of flight {unknown}
 i - 2 potions of invisibility {unknown}
 j - 2 potions of magic {unknown}
 m - 4 potions of degeneration {unknown}
 s - 2 potions of ambrosia {unknown}
 u - 2 potions of lignification {unknown}
 v - 2 potions of mutation {unknown}
 w - 3 potions of heal wounds {unknown}
 z - 2 potions of agility {unknown}
 D - 6 potions of might {unknown}
Books
 T - a manual of Stealth
Comestibles
 c - 19 rations


   Skills:
 - Level 11.0(10.0) Fighting
 - Level 16.1(15.0) Axes
 - Level 16.0(14.8) Armour
 - Level 1.5(0.8) Dodging
 * Level 9.2(8.2) Shields


You had 12 spell levels left.
You didn't know any spells.
Your spell library was empty.

Dungeon Overview and Level Annotations

Branches:
Dungeon (15/15)            Temple (0/1) D:7            Lair (0/6) D:10
    Orc (0/2) D:9          Vaults (0/5) D:14
 Depths: D:15

Altars:
Ashenzari
Gozag
Nemelex Xobeh
Okawaru
Ru
Sif Muna
Trog
Yredelemnul

Shops:
D:11 *   D:12 :

Annotations:
D:7 3 runed translucent doors, Gabide's ghost, novice HuWn
D:8 3 runed translucent doors, toxicsyntax's ghost, novice HOMo


Message History

The ettin hits you with a cursed +0 dire flail!!
* * * LOW HITPOINT WARNING * * *
The ettin barely misses you. The wraith hits you but does no damage.
You slice the ettin!!
The ettin is severely wounded.
You hit the wraith.
The ettin hits you with a cursed +0 dire flail!
* * * LOW HITPOINT WARNING * * *
The ettin closely misses you. The wraith hits you but does no damage.
You barely miss the ettin.
The ettin is severely wounded.
You slice the wraith!!
You feel the power of Trog in you as your rage grows.
You destroy the wraith!
Trog accepts your kill.
You feel your intelligence returning.
The ettin hits you with a cursed +0 dire flail!!
* * * LOW HITPOINT WARNING * * *
The ettin hits you with a +2 dire flail of draining!
You die...

########################
......[.................
...............C@.......
##############.#########
#.# #.# #.# #.# #.# #.#
..#


You could see an ettin.

Vanquished Creatures
  The ghost of Kilet the Geomancer, an adept GrEE of Vehumet (D:14)
  An entropy weaver (D:11)
  A minotaur (Gauntlet)
  A blizzard demon (Gauntlet)
  Harold (D:7)
  Erolcha (D:12)
  Erica (D:8)
  A centaur warrior (D:14)
  2 ogre magi (D:15)
  3 two-headed ogres
  A tengu warrior (Gauntlet)
  A deep troll (D:15)
  3 deep elf magi (D:14)
  5 ugly things
  A cyclops (D:14)
  A manticore (D:11)
  An elephant (D:10)
  A centaur zombie (D:13)
  Psyche (D:8)
  2 kobold demonologists (D:13)
  2 efreet
  A yaktaur (D:14)
  2 tengu conjurers (Gauntlet)
  An ice devil (Gauntlet)
  5 trolls
  A harpy zombie (D:14)
  Grinder (D:3)
  4 slime creatures (D:14)
  3 hippogriffs
  A wraith (D:15)
  4 hogs (D:7)
  A human (D:7)
  A steam dragon (D:10)
  15 yaks
  3 neqoxecs (D:14)
  6 hungry ghosts
  A two-headed ogre zombie (D:9)
  2 water moccasins
  2 black bears
  5 orc warriors
  5 ice beasts
  A phantom (D:11)
  A sky beast (D:9)
  A hornet zombie (D:14)
  7 ogres
  An eye of draining (D:11)
  6 centaurs
  2 crocodiles (D:10)
  Blork the orc (D:5)
  7 big kobolds
  4 bullfrogs
  A wyvern skeleton (D:14)
  3 troll zombies (D:9)
  6 killer bees (D:10)
  3 scorpions
  8 wights
  18 howler monkeys
  5 crimson imps
  4 bullfrog zombies
  2 quasits (D:14)
  3 centaur skeletons
  2 jellies
  16 orc priests
  5 hounds
  10 orc wizards
  A gnoll shaman (D:8)
  An iron imp (Gauntlet)
  4 iguanas
  11 worker ants
  A killer bee zombie (D:8)
  3 ogre zombies (D:9)
  2 hound skeletons
  A hound zombie (D:9)
  2 howler monkey zombies (D:6)
  2 worker ant zombies (D:9)
  8 gnolls
  A howler monkey skeleton (D:9)
  17 adders
  3 shadow imps
  An adder skeleton (D:5)
  An adder zombie (D:4)
  5 worms (D:3)
  2 dart slugs
  6 leopard geckos
  35 orcs
  6 bats
  3 giant cockroaches (D:3)
  3 goblins
  6 hobgoblins
  5 jackals
  30 kobolds
  5 quokkas
  A ball python (D:2)
  2 frilled lizards (D:5)
  2 goblin skeletons (D:9)
  A goblin zombie (D:9)
  3 hobgoblin skeletons (D:9)
  4 orc skeletons (D:9)
  15 orc zombies (D:9)
  A quokka skeleton (D:4)
  8 rats
415 creatures vanquished.

Vanquished Creatures (collateral kills)
  A deep elf knight (D:14)
  Urug (D:11)
  A deep elf mage (D:14)
  A rust devil (Gauntlet)
  A kobold demonologist (D:14)
  2 yaktaurs (D:14)
  A ynoxinul (Gauntlet)
  A neqoxec (D:14)
  A centaur (D:14)
  A quasit (D:14)
  3 iron imps (Gauntlet)
  A kobold (D:14)
15 creatures vanquished.

Vanquished Creatures (others)
  A plant (Gauntlet)
1 creature vanquished.

Grand Total: 431 creatures vanquished

Notes
Turn   | Place    | Note
-------+----------+-------------------------------------------
     0 | D:1      | Ilves the Hill Orc Berserker began the quest for the Orb.
     0 | D:1      | Reached XP level 1. HP: 19/19 MP: 1/1
   344 | D:1      | Reached XP level 2. HP: 25/27 MP: 2/2
   991 | D:2      | Found a sacrificial altar of Ru.
  1004 | D:2      | Reached XP level 3. HP: 32/34 MP: 3/3
  1167 | D:2      | Reached skill level 5 in Axes
  1173 | D:2      | Reached ** piety under Trog
  1594 | D:2      | Found an iron altar of Okawaru.
  1595 | D:2      | Found a sparkling altar of Nemelex Xobeh.
  1726 | D:3      | Reached XP level 4. HP: 30/41 MP: 4/4
  1746 | D:3      | Reached skill level 5 in Fighting
  2002 | D:3      | Reached XP level 5. HP: 5/48 MP: 5/5
  2798 | D:3      | Noticed Grinder
  2872 | D:3      | Killed Grinder
  2872 | D:3      | Reached XP level 6. HP: 42/57 MP: 6/6
  3567 | D:4      | Reached XP level 7. HP: 63/63 MP: 7/7
  3577 | D:4      | Reached *** piety under Trog
  3981 | D:4      | Found a deep blue altar of Sif Muna.
  3982 | D:4      | Found a bloodstained altar of Trog.
  4045 | D:4      | Reached skill level 10 in Axes
  4115 | D:5      | Entered Level 5 of the Dungeon
  4115 | D:5      | Noticed Blork the orc
  4123 | D:5      | Killed Blork the orc
  4123 | D:5      | Reached XP level 8. HP: 71/71 MP: 8/8
  4688 | D:5      | Found a basalt altar of Yredelemnul.
  6740 | D:7      | Found a staircase to the Ecumenical Temple.
  6755 | D:7      | Reached XP level 9. HP: 81/81 MP: 9/9
  6867 | D:7      | Noticed Harold
  6888 | D:7      | Killed Harold
  7081 | D:7      | Found the amulet of Vitality {Regen+ HP+15}
  7081 | D:7      | Found a shattered altar of Ashenzari.
  7175 | D:7      | Found a runed translucent gate.
  7175 | D:7      | Found a runed translucent gate.
  7175 | D:7      | Found a runed translucent gate.
  7176 | D:7      | Noticed Gabide's ghost (novice HuWn)
  7442 | D:7      | Reached **** piety under Trog
  7442 | D:7      | Reached XP level 10. HP: 85/91 MP: 10/10
  7445 | D:7      | Reached skill level 15 in Axes
  7662 | D:8      | Noticed Erica
  7675 | D:8      | Killed Erica
  7675 | D:8      | Reached skill level 10 in Fighting
  8000 | D:8      | Paralysed by fainting for 8 turns
  8158 | D:8      | Noticed toxicsyntax's ghost (novice HOMo)
  8158 | D:8      | Noticed Psyche
  8170 | D:8      | Killed Psyche
  8178 | D:8      | Found a runed translucent gate.
  8178 | D:8      | Found a runed translucent gate.
  8178 | D:8      | Found a runed translucent gate.
  8476 | D:9      | Reached ***** piety under Trog
  8679 | D:9      | Reached skill level 5 in Armour
  8688 | D:9      | Reached XP level 11. HP: 79/102 MP: 11/11
  8798 | D:9      | Found a deep blue altar of Sif Muna.
  9017 | D:9      | Received a gift from Trog
  9126 | D:9      | Found a staircase to the Orcish Mines.
  9323 | D:9      | Found a bloodstained altar of Trog.
  9436 | D:10     | Entered Level 10 of the Dungeon
  9704 | D:10     | Found a staircase to the Lair.
  9734 | D:10     | Received a gift from Trog
  9883 | D:10     | Reached skill level 10 in Armour
  9906 | D:10     | Found an opulent altar of Gozag.
 10638 | D:11     | Found Toetawnok's Serpentskin Sales.
 10696 | D:11     | Noticed a two-headed ogre
 10705 | D:11     | Killed a two-headed ogre
 10892 | D:11     | Noticed a seven-headed hydra
 10895 | D:11     | Noticed an entropy weaver
 10895 | D:11     | a seven-headed hydra changed into an entropy weaver
 10913 | D:11     | Killed an entropy weaver
 10913 | D:11     | Reached XP level 12. HP: 104/110 MP: 5/12
 10919 | D:11     | Noticed Urug
 10927 | D:11     | Killed Urug
 11179 | D:11     | Noticed a two-headed ogre
 11189 | D:11     | Killed a two-headed ogre
 11747 | D:12     | Noticed Erolcha
 11754 | D:12     | Killed Erolcha
 11892 | D:12     | Found Astreuraq's Book Boutique.
 12436 | D:13     | Found a gate leading to a gauntlet.
 12444 | Gauntlet | Entered a Gauntlet
 12444 | Gauntlet | Found a transporter.
 12444 | Gauntlet | Noticed a tengu warrior
 12451 | Gauntlet | Found a transporter.
 12453 | Gauntlet | Found a transporter.
 12470 | Gauntlet | Found a transporter.
 12471 | Gauntlet | Found a transporter.
 12481 | Gauntlet | Found a transporter.
 12492 | Gauntlet | Noticed a blizzard demon
 12496 | Gauntlet | Noticed a green death
 12499 | Gauntlet | Found a transporter.
 12509 | Gauntlet | Found a transporter.
 12519 | Gauntlet | Found a transporter.
 12533 | Gauntlet | Found a transporter.
 12548 | Gauntlet | Found a transporter.
 12550 | Gauntlet | Found a transporter.
 12580 | Gauntlet | Killed a tengu warrior
 12661 | Gauntlet | Found a transporter.
 12707 | Gauntlet | Killed a blizzard demon
 12707 | Gauntlet | Reached skill level 15 in Armour
 12718 | Gauntlet | Got a clouded granite ring
 12799 | Gauntlet | Identified the ring "Ciboawui" {Str+2 Int+4} (You found it
                  | in a Gauntlet)
 12833 | Gauntlet | Noticed a minotaur
 12843 | Gauntlet | Killed a minotaur
 12848 | Gauntlet | Identified the Guide on Enthralling Venom
 13512 | D:13     | Reached XP level 13. HP: 116/116 MP: 4/13
 13636 | D:13     | Reached ****** piety under Trog
 13999 | D:14     | Found a transporter.
 13999 | D:14     | Noticed Kilet's ghost (adept GrEE)
 14008 | D:14     | Found a transporter.
 14203 | D:14     | Reached skill level 1 in Shields
 14748 | D:14     | Received a gift from Trog
 14819 | D:14     | Reached skill level 5 in Shields
 14848 | D:14     | Identified the +9 hand axe "Deegell" {drain, rPois rN+
                  | Dex+3}
 15039 | D:14     | Found a gate to the Vaults.
 15313 | D:14     | Killed Kilet's ghost
 15332 | D:14     | Got a heavily runed marble ring
 15352 | D:14     | Identified the ring "Ceimeck" {*Tele rC+++ rN+ Int-4} (You
                  | found it on level 14 of the Dungeon)
 15389 | D:15     | Entered Level 15 of the Dungeon
 15415 | D:15     | Noticed an ettin
 15535 | D:15     | HP: 1/196 [ettin/cursed +0 dire flail (34)]
 15535 | D:15     | Mangled by an ettin

Skill      XL: |  1  2  3  4  5  6  7  8  9 10 11 12 13 |
---------------+----------------------------------------+-----
Fighting       | 4 5 6 7 9 11 | 11.0
Axes           | 5 6 8 10 12 14 16 | 16.1
Armour         | 5 12 15 16 | 16.0
Shields        | 9 |  9.2
Dodging        | |  1.5

Action                   |  1- 3 |  4- 6 |  7- 9 | 10-12 | 13-15 || total
-------------------------+-------+-------+-------+-------+-------++-------
Melee: Hand axe          |   101 |   206 |   241 |   381 |       ||   929
       Battleaxe         |       |       |       |   259 |    91 ||   350
       Executioner's axe |       |       |       |   140 |    81 ||   221
Invok: Berserk           |       |     3 |     7 |     6 |     3 ||    19
       Brothers in Arms  |       |       |       |     3 |     3 ||     6
Evoke: Wand              |       |       |       |     2 |       ||     2
  Use: Scroll            |       |       |       |     8 |     2 ||    10
 Stab: Sleeping          |     1 |       |       |       |       ||     1
       Distracted        |       |       |       |       |     2 ||     2
  Eat: Chunk             |     3 |     8 |    19 |    24 |     7 ||    61
       Ration            |       |       |     1 |     2 |     1 ||     4
Armor: Animal skin       |    36 |     6 |       |       |       ||    42
       Chain mail        |       |    63 |    97 |   510 |   110 ||   780
Dodge: Dodged            |    77 |    86 |    59 |   215 |    74 ||   511
